 Dungeon Crawl Stone Soup version 0.18-a0-1702-gd20c6a5 (webtiles) character file.

623 F1L1N the Blocker (level 7, -2/55 HPs)
             Began as a Formicid Fighter on Apr 7, 2016.
             Slain by an iguana (9 damage)
             ... on level 6 of the Dungeon on Apr 8, 2016.
             The game lasted 00:11:54 (5567 turns).

F1L1N the Blocker (Formicid Fighter)                Turns: 5567, Time: 00:11:55

Health: -2/55      AC: 11    Str: 22    XL:     7   Next: 75%
Magic:  7/7        EV:  7    Int: 12    God:
Gold:   146        SH: 11    Dex: 10    Spells: 0 memorised, 6 levels left

rFire  . . .     SeeInvis +     t - -2 flail (curse)
rCold  . . .     Gourm    .     q - +0 chain mail
rNeg   . . .     Faith    .     c - +0 shield
rPois  .         Spirit   .     (helmet unavailable)
rElec  .         Dismiss  .     (no cloak)
rCorr  +         Reflect  .     (no gloves)
SustAt .         Harm     .     e - +1 pair of boots
MR     .....                    g - amulet of inaccuracy (curse)
Stlth  ..........               b - +4 ring of intelligence
                                m - ring of resist corrosion

@: not resistant to hostile enchantments, extremely unstealthy
A: permanent stasis, dig shafts and tunnels, four strong arms, antennae 3
a: Dig, Shaft Self


You were on level 6 of the Dungeon.
You were not hungry.

You visited 1 branch of the dungeon, and saw 5 of its levels.

You collected 146 gold pieces.

Inventory:

Hand Weapons
 a - a +0 flail
 t - a cursed -2 flail (weapon)
Missiles
 d - 12 silver sling bullets (quivered)
Armour
 c - a +0 shield (worn)
 e - a +1 pair of boots (worn)
 q - a +0 chain mail (worn)
Jewellery
 b - a +4 ring of intelligence (right hand)
 g - a cursed amulet of inaccuracy (around neck)
 m - a ring of resist corrosion (left hand)
Scrolls
 i - a scroll of magic mapping
 p - a scroll of fear
Comestibles
 f - 2 bread rations
 h - 3 meat rations
 j - a beef jerky


   Skills:
 * Level 4.6 Fighting
 + Level 3.0 Maces & Flails
 + Level 4.5 Armour
 * Level 8.3 Shields


You had 6 spell levels left.
You didn't know any spells.

Dungeon Overview and Level Annotations

Branches:
Dungeon (4/15)
 Temple: D:4-7

Altars:
Fedhas
Kikubaaqudgha
Pakellas


Innate Abilities, Weirdness & Mutations

You are under a permanent stasis effect.
You can dig through walls and to a lower floor.
Your four strong arms can wield two-handed weapons with a shield.
You have a pair of large antennae on your head (SInv).


Message History

You barely miss the ogre.
The ogre is almost dead.
The ogre barely misses you.
You sock the ogre!
You kill the ogre!
Your Maces & Flails skill increases to level 3!
You miss the phantom. The phantom hits you.
* * * LOW HITPOINT WARNING * * *
You extend your mandibles.
You dig through the rock wall.
You dig through the rock wall.
You dig through the rock wall.
You hear an angry hiss.
The phantom blinks!
Found 11 gold pieces.
Found a stone staircase leading up.
An iguana comes into view.
You retract your mandibles.
You miss the phantom.
The phantom blinks!
The iguana moves out of view.
The iguana bites you!
You die...

### ##)## #####
##.#.###...##
##.###.#.....## ##.##
##>......# ########.##
#.......# .......@##
####.......#
........l...W........##
.....<..#######....../#
.#$.###.. ####.......##
#. ### ............. #
#####........ .
###...#..#
.#.#######.......##
...................


You could see a phantom and an iguana.

Vanquished Creatures
  A sky beast (D:6)
  An ogre (D:6)
  A jelly (D:6)
  3 orc priests (D:4)
  2 orc wizards
  3 worker ants (D:4)
  Robin (D:4)
  3 gnolls (D:2)
  2 adders (D:3)
  2 oozes (D:2)
  An adder skeleton (D:4)
  A worm (D:3)
  5 dart slugs
  3 giant geckos
  10 orcs
  2 giant cockroaches (D:3)
  20 goblins
  7 hobgoblins
  19 jackals
  6 kobolds
  3 quokkas
  2 ball pythons
  6 bats
  2 giant newts
  7 rats
113 creatures vanquished.

Notes
Turn   | Place    | Note
--------------------------------------------------------------
     0 | D:1      | F1L1N the Formicid Fighter began the quest for the Orb.
     0 | D:1      | Reached XP level 1. HP: 18/18 MP: 1/1
    60 | D:1      | Reached XP level 2. HP: 22/24 MP: 2/2
   101 | D:1      | Reached skill level 4 in Shields
   324 | D:1      | Reached XP level 3. HP: 18/29 MP: 3/3
  1260 | D:2      | Reached XP level 4. HP: 28/37 MP: 4/4
  1271 | D:2      | Reached skill level 5 in Shields
  1373 | D:2      | Found a blossoming altar of Fedhas.
  1384 | D:2      | Found an ancient bone altar of Kikubaaqudgha.
  1923 | D:2      | Reached XP level 5. HP: 33/42 MP: 5/5
  3133 | D:3      | Reached skill level 6 in Shields
  3187 | D:3      | Found a faded altar to an unknown god.
  3393 | D:3      | Reached XP level 6. HP: 48/48 MP: 6/6
  3545 | D:4      | Found an oddly glowing altar of Pakellas.
  3859 | D:4      | Noticed Robin
  3934 | D:4      | Killed Robin
  4069 | D:4      | Reached skill level 7 in Shields
  4319 | D:4      | Reached XP level 7. HP: 45/55 MP: 7/7
  5023 | D:4      | You fall through a shaft for 2 floors!
  5172 | D:6      | Reached skill level 8 in Shields
  5567 | D:6      | Slain by an iguana

Vault maps used:
D:1:      dpeg_arrival_castle
D:2:      grunt_temple_overflow_growth_and_decay
D:3:      first_bread, ecumenical_altar_2
D:4:      overflow_temple_1_default, kennysheep_another_room, uniq_robin

Skill      XL: |  1  2  3  4  5  6  7 |
---------------+----------------------+-----
Shields        | 4 5 6 7 8 |  8.3
Fighting       | 4 |  4.6
Armour         | 4 |  4.5
Maces & Flails | 3 |  3.0

Action                   |  1- 3 |  4- 6 |  7- 9 || total
-------------------------+-------+-------+-------++-------
Melee: Flail             |   385 |   627 |   229 ||  1241
 Abil: Dig               |    11 |    10 |     9 ||    30
  Use: Scroll            |     2 |     3 |     2 ||     7
       Potion            |       |     3 |     6 ||     9
  Eat: Chunk             |     3 |    13 |     2 ||    18
       Bread ration      |       |       |     1 ||     1
       Royal jelly       |       |       |     1 ||     1
